 Dungeon Crawl Stone Soup version 0.22.1-2-g9c5b331 (webtiles) character file.

46202 diana the Covert (level 14, 0/101 HPs)
             Began as a Demonspawn Gladiator on Dec 29, 2018.
             Was the Champion of Dithmenos.
             Slain by an elephant (3 damage)
             ... on level 6 of the Lair of Beasts.
             The game lasted 00:52:58 (18042 turns).

diana the Covert (Demonspawn Gladiator)            Turns: 18042, Time: 00:53:00

Health: 0/101      AC: 16    Str: 27    XL:     14   Next: 4%
Magic:  0/22       EV:  2    Int: 13    God:    Dithmenos [******]
Gold:   649        SH:  0    Dex: 25    Spells: 5/13 levels left

rFire    + + .     SeeInvis +   t - +7 dagger of Fimbulwinter {speed, *Slow rElec Str+4 Dex+3}
rCold    . . .     Gourm    .   (no shield)
rNeg     + + +     Faith    .   s - +0 robe of Pragmatism {rPois rF+ Str+4}
rPois    ∞         Spirit   +   T - +2 hat {Int+3}
rElec    +         Reflect  .   x - +0 cloak
rCorr    .         Harm     .   g - +2 pair of gloves {Str+3}
MR       +....                  G - +2 pair of boots
Stlth    ++++++++++             (no amulet)
HPRegen  0.26/turn              n - +4 ring of protection
MPRegen  0.36/turn              M - ring of Xuirgh {Dex+4 SInv}

@: petrified, wreathed by umbra
A: antennae 2, repulsion field 1, fire resistance 1, spiny 3, evolution 1, magic
shield, magic regeneration
a: Shadow Step, Shadow Form, Renounce Religion


You were on level 6 of the Lair of Beasts.
You worshipped Dithmenos.
Dithmenos was exalted by your worship.
You were not hungry.

You visited 2 branches of the dungeon, and saw 17 of its levels.

You collected 1113 gold pieces.
You spent 464 gold pieces at shops.

Inventory:

Hand Weapons
 t - the +7 dagger of Fimbulwinter (weapon) {speed, *Slow rElec Str+4 Dex+3}
   (You found it on level 6 of the Dungeon)

   Attacks with this weapon are significantly faster.
   It affects your strength (+4).
   It affects your dexterity (+3).
   It insulates you from electricity.
   It may slow you when you take damage.
Missiles
 d - 7 throwing nets (quivered)
Armour
 g - a +2 pair of gloves of strength (worn)
 s - the +0 robe of Pragmatism (worn) {rPois rF+ Str+4}
   (You found it on level 6 of the Dungeon)

   It affects your strength (+4).
   It protects you from fire.
   It protects you from poison.
 x - a +0 cloak (worn)
 G - a +2 pair of boots (worn)
 T - a +2 hat of intelligence (worn)
Jewellery
 n - a +4 ring of protection (left hand)
 M - the ring of Xuirgh (right hand) {Dex+4 SInv}
   (You found it on level 9 of the Dungeon)

   [ring of see invisible]

   It affects your dexterity (+4).
   It lets you see invisible.
Wands
 a - a wand of polymorph (17)
 b - a wand of enslavement (15)
 e - a wand of iceblast (15)
 p - a wand of clouds (6)
 r - a wand of flame (96)
 u - a wand of acid (18)
 A - a wand of disintegration (25)
 B - a wand of digging (13)
 C - a wand of paralysis (7)
Scrolls
 c - a scroll of summoning {unknown}
 i - 4 scrolls of remove curse
 k - 4 scrolls of fear
 l - 5 scrolls of teleportation
 m - a scroll of enchant armour
 q - a scroll of amnesia {unknown}
 v - 2 scrolls of silence
 y - a scroll of torment {unknown}
 H - 2 scrolls of magic mapping
 I - a scroll of identify
 J - 2 scrolls of random uselessness {unknown}
Potions
 h - 5 potions of curing
 j - 4 potions of heal wounds
 o - 5 potions of agility
 w - 6 potions of lignification
 z - 3 potions of cancellation {unknown}
 D - a potion of mutation
 E - a potion of might
 P - 3 potions of haste {unknown}
Miscellaneous
 N - 2 boxes of beasts
Comestibles
 f - 32 rations
 F - 3 chunks of flesh


   Skills:
 + Level 6.6 Fighting
 - Level 12.0 Short Blades
 - Level 1.7 Throwing
 + Level 5.4 Armour
 + Level 7.3 Dodging
 - Level 14.7 Stealth
 - Level 11.7 Invocations


You had 5 spell levels left.
You knew the following spells:

 Your Spells              Type           Power        Failure   Level  Hunger
a - Discord               Hex            #.........   100%        8    #######

Your spell library contained the following spells:

 Spells                   Type           Power        Failure   Level  Hunger
 Throw Flame              Conj/Fire      #.....       43%         2    ###....
 Spider Form              Tmut/Pois      #.........   67%         3    ####...
 Cause Fear               Hex            #.........   97%         4    #####..
 Summon Lightning Spire   Summ/Air       #.......     97%         4    #####..
 Irradiate                Conj/Tmut      #.........   100%        5    ######.
 Silence                  Hex/Air        #.........   100%        5    ######.
 Venom Bolt               Conj/Pois      #.........   100%        5    ######.
 Yara's Violent Unravell  Hex/Tmut       #.........   100%        5    ######.
 Conjure Ball Lightning   Conj/Air       #.........   100%        6    #######
 Deflect Missiles         Chrm/Air       #.........   100%        6    #######
 Hydra Form               Tmut           #.........   100%        6    #######
 Statue Form              Tmut/Erth      #........    100%        6    #######
 Dragon Form              Tmut           #.........   100%        7    #######
 Tornado                  Air            #.........   100%        9    #######


Dungeon Overview and Level Annotations

Branches:
Dungeon (11/15)            Temple (0/1) D:7            Lair (6/6) D:10
  Swamp (0/4) Lair:2        Snake (0/4) Lair:3        Slime (0/5) Lair:6
    Orc: D:9-12

Altars:
Cheibriados
Dithmenos
Elyvilon
Fedhas
Gozag
Makhleb
Nemelex Xobeh
Sif Muna
Vehumet
Yredelemnul
Zin
The Shining One
Beogh

Shops:
D:9 [}(=[   D:10 ?}

Annotations:
D:6 3 runed doors, ubloh's ghost, novice MiHu
D:10 Sonja


Innate Abilities, Weirdness & Mutations

You have a pair of antennae on your head.
You are surrounded by a mild repulsion field. (EV +2)
You are completely covered in sharp spines.
When hurt, damage is shared between your health and your magic reserves.
You regenerate magic rapidly.
Your flesh is heat resistant. (rF+)
You evolve.


Message History

The elephant completely misses you. The elephant trunk-slaps you.
* * * LOW HITPOINT WARNING * * *
The elephant tramples you!
* * * LOW HITPOINT WARNING * * *
You hold your ground!
The elephant trunk-slaps you but does no damage.
The elephant tramples you!
* * * LOW HITPOINT WARNING * * *
You hold your ground!
The elephant trunk-slaps you.
The spiny frog is struck by your spines.
The spiny frog stings you!
* * * LOW HITPOINT WARNING * * *
The elephant is struck by your spines. The elephant tramples you!
* * * LOW HITPOINT WARNING * * *
You hold your ground!
The elephant trunk-slaps you but does no damage.
The elephant completely misses you.
The elephant trunk-slaps you but does no damage.
The elephant tramples you!
You die...

### #... #... #$... #
.....# ... . ......####
#... . ...<.....#†###.)#
....(#.....Y@YY##
#....##.#).FYY......
#.....#....Y....... ##
#..####...........
.#######..##.#P.........
..#.........###PP......#
.............####.......
..≈P.........# .......
.≈.###....#..# .#.


You could see 6 elephants and a spiny frog.

Vanquished Creatures
  Gastronok (Lair:3)
  5 hydras
  Harold (D:10)
  3 two-headed ogres
  A skeletal warrior (D:11)
  A flayed ghost (D:9)
  Pikel (D:8)
  A phantasmal warrior (D:11)
  An ugly thing (D:11)
  5 elephants
  A centaur zombie (D:10)
  Maurice (D:8)
  3 black mambas
  2 torpor snails
  16 spiny frogs
  Joseph (D:8)
  5 komodo dragons
  2 rime drakes
  The ghost of Ereth the Chopper, an amateur TrBe of Trog (D:4)
  The ghost of raph the Cudgeler, an amateur MiGl of Okawaru (D:4)
  A polar bear (Lair:5)
  4 dream sheep (Lair:5)
  4 tyrant leeches
  A slime creature (Lair:6)
  17 blink frogs
  Grinder (D:4)
  2 hippogriffs
  6 wraiths
  A spriggan (D:7)
  33 yaks
  2 wyverns
  4 basilisks
  A fire bat (D:9)
  6 vampire mosquitoes (Lair:6)
  A hungry ghost (D:9)
  Edmund (D:5)
  A swamp worm (Lair:2)
  17 water moccasins
  9 porcupines
  2 orc warriors
  3 sky beasts
  2 black bears
  3 phantoms
  4 ogres
  5 wolves (Lair:2)
  5 centaurs
  11 crocodiles
  3 big kobolds (D:10)
  25 bullfrogs
  A water moccasin zombie (D:5)
  4 scorpions
  53 killer bees
  5 electric eels
  2 howler monkeys
  7 crimson imps
  2 bullfrog zombies
  A quasit (D:9)
  4 hounds
  7 orc wizards
  2 bullfrog skeletons
  6 jellies
  A gnoll shaman (D:3)
  4 orc priests
  2 iguanas
  Jessica (D:2)
  4 worker ants
  2 hell rats (Lair:1)
  A hound zombie (D:7)
  A hound skeleton (D:5)
  A worker ant zombie (D:11)
  4 gnolls
  20 adders
  8 river rats (Lair:1)
  A shadow imp (D:9)
  An ooze (D:2)
  2 adder zombies
  An adder skeleton (D:4)
  2 dart slugs (D:1)
  2 worms
  12 leopard geckos
  30 orcs
  17 bats
  6 giant cockroaches
  9 goblins
  10 hobgoblins
  14 jackals
  25 kobolds
  10 quokkas
  4 ball pythons
  3 frilled lizards
  2 quokka zombies
  8 rats
  A butterfly (D:7)
  A fungus (D:11)
532 creatures vanquished.

Vanquished Creatures (others)
  2 killer bees (Lair:5)
  19 fungi
  28 plants
49 creatures vanquished.

Grand Total: 581 creatures vanquished

Notes
Turn   | Place    | Note
-------+----------+-------------------------------------------
     0 | D:1      | diana the Demonspawn Gladiator began the quest for the Orb.
     0 | D:1      | Reached XP level 1. HP: 16/16 MP: 1/1
    72 | D:1      | Gained mutation: When hurt, damage is shared between your
                  | health and your magic reserves. [demonic ancestry]
    72 | D:1      | Reached XP level 2. HP: 22/22 MP: 2/2
   339 | D:1      | Gained mutation: You are partially covered in sharp spines.
                  | [demonic ancestry]
   339 | D:1      | Reached XP level 3. HP: 26/28 MP: 3/3
   650 | D:2      | Noticed Jessica
   657 | D:2      | Killed Jessica
   723 | D:2      | Found a faded altar of an unknown god.
   728 | D:2      | Gained mutation: You have a pair of small antennae on your
                  | head. [demonic ancestry]
   728 | D:2      | Reached XP level 4. HP: 34/34 MP: 4/4
  1401 | D:3      | Gained mutation: You have a pair of antennae on your head.
                  | [demonic ancestry]
  1401 | D:3      | Reached XP level 5. HP: 31/41 MP: 5/5
  1404 | D:3      | Found a glowing golden altar of the Shining One.
  1565 | D:3      | Found a shadowy altar of Dithmenos.
  1586 | D:3      | Became a worshipper of Dithmenos the Shadowed
  1676 | D:3      | Found an opulent altar of Gozag.
  1838 | D:3      | Reached skill level 5 in Short Blades
  2188 | D:4      | Reached XP level 6. HP: 41/48 MP: 4/6
  2484 | D:4      | Noticed Grinder
  2500 | D:4      | Paralysed by Grinder for 4 turns
  2696 | D:4      | Killed Grinder
  2883 | D:4      | Gained mutation: You are mostly covered in sharp spines.
                  | [demonic ancestry]
  2883 | D:4      | Reached XP level 7. HP: 46/55 MP: 7/7
  2892 | D:4      | Found a runed gate.
  2893 | D:4      | Found a runed gate.
  2895 | D:4      | Reached * piety under Dithmenos
  2896 | D:4      | Found a runed gate.
  2897 | D:4      | Noticed raph's ghost (amateur MiGl)
  3072 | D:4      | Reached skill level 5 in Fighting
  3281 | D:4      | Noticed Ereth's ghost (amateur TrBe)
  3365 | D:5      | Entered Level 5 of the Dungeon
  3562 | D:5      | Gained mutation: You are completely covered in sharp
                  | spines. [demonic ancestry]
  3562 | D:5      | Reached XP level 8. HP: 30/63 MP: 3/8
  3694 | D:5      | Noticed Edmund
  3712 | D:5      | Killed Edmund
  3975 | D:5      | Reached ** piety under Dithmenos
  4351 | D:6      | Got a shadowed robe
  4365 | D:6      | Identified the cursed +0 robe of Pragmatism {rPois rF+
                  | Str+4} (You found it on level 6 of the Dungeon)
  4610 | D:6      | Got a slimy dagger
  4632 | D:6      | Identified the +7 dagger of Fimbulwinter {speed, *Slow
                  | rElec Str+4 Dex+3} (You found it on level 6 of the Dungeon)
  4950 | D:7      | Found a transporter.
  5098 | D:7      | Reached XP level 9. HP: 59/69 MP: 6/9
  5114 | D:7      | Found a white marble altar of Elyvilon.
  5134 | D:7      | Found a transporter.
  5173 | D:7      | Found a staircase to the Ecumenical Temple.
  5266 | D:7      | Reached skill level 10 in Short Blades
  5882 | D:8      | Noticed Maurice
  5917 | D:8      | Killed Maurice
  6261 | D:8      | Noticed Pikel
  6276 | D:8      | Killed Pikel
  6309 | D:8      | Found a basalt altar of Yredelemnul.
  6311 | D:8      | Found a snail-covered altar of Cheibriados.
  6417 | D:8      | Noticed Joseph
  6438 | D:8      | Killed Joseph
  6578 | D:8      | Reached XP level 10. HP: 47/76 MP: 10/10
  6735 | D:9      | Found Rasufeap's Antique Armour Shop.
  6739 | D:9      | Reached *** piety under Dithmenos
  6763 | D:9      | Bought a dazzling leather armour for 224 gold pieces
  6763 | D:9      | Bought a pair of runed boots for 240 gold pieces
  6791 | D:9      | Reached skill level 1 in Stealth
  6797 | D:9      | Identified the cursed +0 leather armour "Detiynut" {*Drain
                  | rF+ rN+} (You bought it in a shop on level 9 of the
                  | Dungeon)
  6908 | D:9      | Noticed a two-headed ogre
  6977 | D:7      | Reached skill level 1 in Armour
  7068 | D:6      | Reached skill level 2 in Stealth
  7275 | D:6      | Noticed ubloh's ghost (novice MiHu)
  7298 | D:6      | Found a runed gate.
  7298 | D:6      | Found a runed gate.
  7299 | D:6      | Found a roughly hewn altar of Beogh.
  7299 | D:6      | Found a runed gate.
  7396 | D:4      | Killed raph's ghost
  7396 | D:4      | Reached skill level 3 in Stealth
  7428 | D:4      | Killed Ereth's ghost
  7942 | D:9      | Killed a two-headed ogre
  7942 | D:9      | Reached skill level 4 in Stealth
  7989 | D:9      | Found Vathricust's Gadget Shoppe.
  8245 | D:9      | Found Vonkiu's Antique Armour Shoppe.
  8265 | D:9      | Found Duthrem's Jewellery Shop.
  8368 | D:9      | Reached skill level 5 in Stealth
  8412 | D:9      | Found a deep blue altar of Sif Muna.
  8481 | D:9      | Found a shadowy altar of Dithmenos.
  8490 | D:9      | Found a runed door.
  8549 | D:9      | Found an opulent altar of Gozag.
  8560 | D:9      | Found a snail-covered altar of Cheibriados.
  8569 | D:9      | Reached **** piety under Dithmenos
  8630 | D:9      | Reached skill level 6 in Stealth
  8641 | D:9      | Found a radiant altar of Vehumet.
  8650 | D:9      | Found a glowing silver altar of Zin.
  8663 | D:9      | Found a burning altar of Makhleb.
  8711 | D:9      | Noticed a two-headed ogre
  8713 | D:9      | Killed a two-headed ogre
  8713 | D:9      | Reached skill level 5 in Dodging
  8713 | D:9      | Reached XP level 11. HP: 81/81 MP: 11/11
  8947 | D:9      | Found Emimna's Antique Weapon Boutique.
  8977 | D:10     | Entered Level 10 of the Dungeon
  9025 | D:10     | Noticed Harold
  9033 | D:10     | Killed Harold
  9033 | D:10     | Reached skill level 7 in Stealth
  9101 | D:10     | Found Honkia's Gadget Boutique.
  9285 | D:10     | Noticed Sonja
  9546 | D:9      | Noticed a flayed ghost
  9550 | D:9      | Killed a flayed ghost
  9552 | D:9      | Identified the Handbook of Fire and Poisoning
  9555 | D:9      | Got a wavering jade ring
  9560 | D:9      | Identified the ring of Xuirgh {Dex+4 SInv} (You found it on
                  | level 9 of the Dungeon)
  9757 | D:10     | Found a staircase to the Lair.
  9801 | D:10     | Found Malodeodgh's Magic Scroll Shop.
  9967 | D:11     | Noticed a two-headed ogre
  9996 | Lair:1   | Entered Level 1 of the Lair of Beasts
 10034 | Lair:1   | Found a sparkling altar of Nemelex Xobeh.
 10214 | Lair:1   | Reached skill level 5 in Armour
 10255 | Lair:1   | Reached skill level 8 in Stealth
 10696 | Lair:2   | Reached ***** piety under Dithmenos
 10833 | Lair:2   | Reached skill level 9 in Stealth
 10895 | Lair:2   | Reached skill level 1 in Invocations
 11225 | Lair:2   | Found a staircase to the Swamp.
 11857 | Lair:3   | Gained mutation: You evolve. [potion of mutation]
 11857 | Lair:3   | Gained mutation: You are clumsy. (Dex -2) [potion of
                  | mutation]
 11857 | Lair:3   | Gained mutation: You expend magic power (3 MP) to
                  | strengthen your wands. [potion of mutation]
 11908 | Lair:3   | Reached XP level 12. HP: 45/88 MP: 7/14
 11980 | Lair:3   | Reached skill level 10 in Stealth
 12368 | D:11     | Noticed a two-headed ogre
 12398 | D:10     | Killed a two-headed ogre
 12488 | D:11     | Reached skill level 5 in Invocations
 12519 | D:11     | Found a blossoming altar of Fedhas.
 12650 | D:11     | Noticed a death knight
 12685 | D:11     | Reached skill level 11 in Stealth
 12901 | D:10     | Gained mutation: Your body sometimes deteriorates upon
                  | taking damage. [evolution]
 12902 | D:10     | Lost mutation: You are clumsy. (Dex -2) [potion of
                  | mutation]
 12902 | D:10     | Lost mutation: You expend magic power (3 MP) to strengthen
                  | your wands. [potion of mutation]
 12902 | D:10     | Gained mutation: Your flesh is heat resistant. (rF+)
                  | [potion of mutation]
 13147 | Lair:3   | Found a staircase to the Snake Pit.
 13170 | Lair:3   | Noticed a five-headed hydra
 13332 | Lair:3   | Noticed Gastronok
 13478 | Lair:3   | Killed Gastronok
 13505 | Lair:3   | Learned a level 8 spell: Discord
 13745 | Lair:3   | Killed a five-headed hydra
 13745 | Lair:3   | Reached skill level 12 in Stealth
 13752 | Lair:3   | Lost mutation: Your body sometimes deteriorates upon taking
                  | damage. [evolution]
 13811 | Lair:3   | Noticed a six-headed hydra
 13814 | Lair:3   | Killed a six-headed hydra
 14186 | Lair:3   | Gained mutation: You are surrounded by a mild repulsion
                  | field. (EV +2) [demonic ancestry]
 14186 | Lair:3   | Reached XP level 13. HP: 64/93 MP: 14/19
 15047 | Lair:4   | Reached ****** piety under Dithmenos
 15118 | Lair:4   | Reached skill level 13 in Stealth
 16067 | Lair:5   | Got a creamy pearl robe
 16078 | Lair:5   | Identified the cursed +1 robe of the Vaults {rF+ MR- rCorr
                  | Int+2} (You found it on level 5 of the Lair of Beasts)
 16123 | Lair:5   | Reached skill level 10 in Invocations
 16895 | Lair:6   | Entered Level 6 of the Lair of Beasts
 16911 | Lair:6   | Reached skill level 14 in Stealth
 17555 | Lair:6   | Found a staircase to the Slime Pits.
 17970 | Lair:6   | Gained mutation: You regenerate magic rapidly. [demonic
                  | ancestry]
 17970 | Lair:6   | Reached XP level 14. HP: 79/101 MP: 22/22
 18042 | Lair:6   | HP: 3/101 [elephant (6)]
 18042 | Lair:6   | Slain by an elephant

Skill      XL: |  1  2  3  4  5  6  7  8  9 10 11 12 13 |
---------------+----------------------------------------+-----
Short Blades   | 3 4 5 6 7 9 12 | 12.0
Fighting       | 3 4 5 6 |  6.6
Stealth        | 6 9 12 14 | 14.7
Dodging        | 5 7 |  7.3
Armour         | 4 5 |  5.4
Invocations    | 3 8 11 | 11.7
Throwing       | |  1.7

Action                   |  1- 3 |  4- 6 |  7- 9 | 10-12 | 13-15 || total
-------------------------+-------+-------+-------+-------+-------++-------
Melee: Rapier            |    82 |   158 |    83 |       |       ||   323
       Short sword       |       |       |    82 |       |       ||    82
       Dagger            |       |       |   148 |   920 |   548 ||  1616
Invok: Shadow Step       |       |       |       |     1 |       ||     1
Evoke: Wand              |       |       |       |    19 |     4 ||    23
  Use: Scroll            |       |     5 |     2 |    17 |     1 ||    25
       Potion            |       |     1 |       |     3 |       ||     4
 Stab: Sleeping          |     1 |     2 |     6 |    35 |    28 ||    72
       Invisible         |       |     1 |       |       |       ||     1
       Distracted        |       |       |       |     1 |     3 ||     4
  Eat: Chunk             |       |     6 |     9 |    19 |     6 ||    40
       Ration            |       |       |     2 |     2 |     2 ||     6
Armor: Leather armour    |    24 |    14 |    14 |       |       ||    52
       Robe              |       |       |    19 |    80 |    85 ||   184
Dodge: Dodged            |    49 |    98 |   157 |   326 |   354 ||   984
